% Time on Ice - KELOWNA ROCKETS
Lines # - Real PCT - Wanted PCT - Time Play
Normal Forward
1 - 33% - 36% - 17:34
2 - 33% - 36% - 17:45
3 - 25% - 28% - 13:06
4 - 9% - 0% - 4:55
Normal Defense
1 - 37% - 37% - 19:29
2 - 35% - 35% - 18:29
3 - 29% - 28% - 15:22
4 - 0% - 0% - 0:00
PP Forward
1 - 62% - 65% - 2:46
2 - 38% - 35% - 1:40
PP Defense
1 - 77% - 65% - 3:25
2 - 23% - 35% - 1:01
PK Forward
1 - 0% - 65%
2 - 0% - 35%
PK Defense
1 - 0% - 55%
2 - 0% - 45%
PK3 Forward
1 - 0% - 50%
2 - 0% - 50%
PK3 Defense
1 - 0% - 55%
2 - 0% - 45%
44 Forward
1 - 50% - 55% - 1:00
2 - 50% - 45% - 0:59
44 Defense
1 - 55% - 55% - 1:05
2 - 45% - 45% - 0:54
Last Minute Offensive  - 0:15
Last Minute Defensive  - 0:00
Total
Forward - 60:00
Defense - 60:00
% Time on Ice - RENO LIONS
Lines # - Real PCT - Wanted PCT - Time Play
Normal Forward
1 - 33% - 36% - 17:39
2 - 28% - 31% - 15:11
3 - 24% - 23% - 12:58
4 - 15% - 10% - 7:47
Normal Defense
1 - 33% - 36% - 17:33
2 - 31% - 34% - 16:47
3 - 34% - 24% - 18:08
4 - 2% - 6% - 1:07
PP Forward
1 - 0% - 55%
2 - 0% - 45%
PP Defense
1 - 0% - 55%
2 - 0% - 45%
PK Forward
1 - 67% - 55% - 2:58
2 - 33% - 45% - 1:28
PK Defense
1 - 60% - 55% - 2:40
2 - 40% - 45% - 1:46
PK3 Forward
1 - 0% - 55%
2 - 0% - 45%
PK3 Defense
1 - 0% - 55%
2 - 0% - 45%
44 Forward
1 - 61% - 55% - 1:13
2 - 39% - 45% - 0:46
44 Defense
1 - 29% - 55% - 0:34
2 - 71% - 45% - 1:25
Last Minute Offensive  - 0:00
Last Minute Defensive  - 0:00
Total
Forward - 60:00
Defense - 60:00
Play-by-Play 1st period 0:01 of 1st period - Auston Matthews wins face-off versus Elias Pettersson in neutral zone. 0:58 of 1st period - Elias Pettersson is hit by Tyler Bertuzzi and loses puck. 1:09 of 1st period - Shot by Tyler Bertuzzi. 1:09 of 1st period - Deflect By Vladimir Tarasenko. 1:09 of 1st period - Shot Misses the Net. 1:11 of 1st period - Shot by J.T. Compher. 1:11 of 1st period - Stopped by Stuart Skinner without a rebound. 1:12 of 1st period - Pierre-Luc Dubois wins face-off versus Pavel Dorofeyev in RENO LIONS zone. 1:22 of 1st period - Shot by Pavel Dorofeyev. 1:22 of 1st period - Deflect By Calle Jarnkrok. 1:22 of 1st period - Shot Misses the Net. 1:24 of 1st period - Shot by Erik Brannstrom. 1:24 of 1st period - Goal by Erik Brannstrom - KELOWNA ROCKETS : 1 - RENO LIONS : 0. 1:25 of 1st period - Trent Frederic wins face-off versus J.T. Compher in neutral zone. 1:58 of 1st period - Shot by Tyler Bertuzzi. 1:58 of 1st period - Goal by Tyler Bertuzzi - KELOWNA ROCKETS : 2 - RENO LIONS : 0. 1:59 of 1st period - Tomas Nosek wins face-off versus Pierre-Luc Dubois in neutral zone. 2:19 of 1st period - Shot by Pierre-Luc Dubois. 2:19 of 1st period - Shot Misses the Net. 2:21 of 1st period - Shot by Pierre-Luc Dubois. 2:21 of 1st period - Shot Misses the Net. 2:31 of 1st period - Shot by Patrick Brown. 2:31 of 1st period - Stopped by Antti Raanta without a rebound. 2:32 of 1st period - Auston Matthews wins face-off versus Alex Steeves in KELOWNA ROCKETS zone. 2:36 of 1st period - Pavel Buchnevich is hit by Trevor van Riemsdyk and loses puck. 3:01 of 1st period - Shot by Pavel Buchnevich. 3:01 of 1st period - Shot Misses the Net. 3:12 of 1st period - Valeri Nichushkin is hit by Brady Skjei and loses puck. 3:41 of 1st period - Icing by J.T. Compher. 3:42 of 1st period - Pierre-Luc Dubois wins face-off versus J.T. Compher in KELOWNA ROCKETS zone. 3:58 of 1st period - Shot by Mattias Samuelsson. 3:58 of 1st period - Stopped by Antti Raanta without a rebound. 3:59 of 1st period - Tomas Nosek wins face-off versus Trent Frederic in KELOWNA ROCKETS zone. 4:18 of 1st period - Shot by Pavel Dorofeyev. 4:18 of 1st period - Stopped by Stuart Skinner without a rebound. 4:19 of 1st period - J.T. Compher wins face-off versus Elias Pettersson in RENO LIONS zone. 4:19 of 1st period - Anthony DeAngelo is hit by Mattias Samuelsson and loses puck. 4:44 of 1st period - Shot by Kirill Kaprizov. 4:44 of 1st period - Deflect By Elias Pettersson. 4:44 of 1st period - Shot Misses the Net. 4:46 of 1st period - Shot by Elias Pettersson. 4:46 of 1st period - Stopped by Antti Raanta without a rebound. 4:47 of 1st period - Calle Jarnkrok wins face-off versus Pierre-Luc Dubois in KELOWNA ROCKETS zone. 5:14 of 1st period - Shot by Pierre-Luc Dubois. 5:14 of 1st period - Stopped by Antti Raanta without a rebound. 5:15 of 1st period - Auston Matthews wins face-off versus Trent Frederic in KELOWNA ROCKETS zone. 5:22 of 1st period - Shot by Pavel Buchnevich. 5:22 of 1st period - Stopped by Stuart Skinner without a rebound. 5:23 of 1st period - Elias Pettersson wins face-off versus J.T. Compher in RENO LIONS zone. 6:54 of 1st period - Shot by Valeri Nichushkin. 6:54 of 1st period - Shot Misses the Net. 7:45 of 1st period - Shot by Pierre-Luc Dubois. 7:45 of 1st period - Stopped by Antti Raanta without a rebound. 7:46 of 1st period - Elias Pettersson wins face-off versus Derek Ryan in KELOWNA ROCKETS zone. 8:03 of 1st period - Shot by Elias Pettersson. 8:03 of 1st period - Stopped by Antti Raanta without a rebound. 8:04 of 1st period - J.T. Compher wins face-off versus Pierre-Luc Dubois in KELOWNA ROCKETS zone. 8:04 of 1st period - J.T. Compher is hit by Patrick Brown. 8:09 of 1st period - Off-side. 8:10 of 1st period - Pierre-Luc Dubois wins face-off versus Tomas Nosek in neutral zone. 9:26 of 1st period - Shot by Auston Matthews. 9:26 of 1st period - Stopped by Stuart Skinner without a rebound. 9:27 of 1st period - Auston Matthews wins face-off versus Trent Frederic in RENO LIONS zone. 10:12 of 1st period - Shot by Valeri Nichushkin. 10:12 of 1st period - Deflect By Auston Matthews. 10:12 of 1st period - Stopped by Stuart Skinner without a rebound. 10:13 of 1st period - J.T. Compher wins face-off versus Elias Pettersson in RENO LIONS zone. 10:23 of 1st period - Tyler Bertuzzi is hit by Brady Skjei and loses puck. 10:36 of 1st period - Shot by Elias Pettersson. 10:36 of 1st period - Stopped by Antti Raanta without a rebound. 10:37 of 1st period - Alex Steeves wins face-off versus Noah Gregor in KELOWNA ROCKETS zone. 10:52 of 1st period - Lukas Sedlak is hit by Anthony-John Greer and loses puck. 11:04 of 1st period - Shot by Lukas Sedlak. 11:04 of 1st period - Stopped by Stuart Skinner without a rebound. 11:05 of 1st period - J.T. Compher wins face-off versus Elias Pettersson in RENO LIONS zone. 11:20 of 1st period - Shot by Tyler Bertuzzi. 11:20 of 1st period - Shot Blocked by Trevor van Riemsdyk. 11:22 of 1st period - Shot by Vladimir Tarasenko. 11:22 of 1st period - Stopped by Stuart Skinner without a rebound. 11:23 of 1st period - Pierre-Luc Dubois wins face-off versus Valeri Nichushkin in RENO LIONS zone. 11:23 of 1st period - Pierre-Luc Dubois is hit by Auston Matthews. 11:42 of 1st period - Pierre-Luc Dubois is hit by Auston Matthews and loses puck. 12:46 of 1st period - Shot by Vladimir Tarasenko. 12:46 of 1st period - Stopped by Stuart Skinner with a rebound. 13:04 of 1st period - Shot by Vladimir Tarasenko. 13:04 of 1st period - Shot Blocked by Elias Pettersson. 13:11 of 1st period - Icing by Trevor van Riemsdyk. 13:12 of 1st period - Tomas Nosek wins face-off versus Dylan Strome in RENO LIONS zone. 14:26 of 1st period - Pierre-Luc Dubois is hit by Valeri Nichushkin and loses puck. 16:48 of 1st period - Shot by Elias Pettersson. 16:48 of 1st period - Goal by Elias Pettersson - KELOWNA ROCKETS : 2 - RENO LIONS : 1. 16:49 of 1st period - Trent Frederic wins face-off versus Tomas Nosek in neutral zone. 17:08 of 1st period - Shot by Nicholas Ritchie. 17:08 of 1st period - Shot Misses the Net. 17:26 of 1st period - Shot by Juuso Valimaki. 17:26 of 1st period - Stopped by Antti Raanta without a rebound. 17:27 of 1st period - Dylan Strome wins face-off versus J.T. Compher in KELOWNA ROCKETS zone. 17:27 of 1st period - Dylan Strome is hit by Kyle Burroughs. 17:35 of 1st period - Shot by Kirill Kaprizov. 17:35 of 1st period - Shot Hit the Post. 17:58 of 1st period - Dylan Strome is hit by Kyle Burroughs and loses puck. 18:04 of 1st period - Vladimir Tarasenko is hit by Ethan Bear and loses puck. 18:32 of 1st period - Auston Matthews is hit by Juuso Valimaki and loses puck. 18:44 of 1st period - Minor Penalty to Mattias Samuelsson for High sticking. 18:45 of 1st period - Trent Frederic wins face-off versus Vladimir Tarasenko in RENO LIONS zone. 18:45 of 1st period - Trent Frederic is hit by Vladimir Tarasenko. 19:20 of 1st period - Pavel Buchnevich is hit by Brady Skjei and loses puck. 19:48 of 1st period - Shot by Valeri Nichushkin. 19:48 of 1st period - Stopped by Stuart Skinner with a rebound. Goals for this period are 2 for KELOWNA ROCKETS vs 1 for RENO LIONS. Shots for this period are 11 for KELOWNA ROCKETS vs 9 for RENO LIONS. 2nd period 0:01 of 2nd period - Auston Matthews wins face-off versus Trent Frederic in neutral zone. 0:49 of 2nd period - Shot by Calle Jarnkrok. 0:49 of 2nd period - Deflect By Pavel Dorofeyev. 0:49 of 2nd period - Stopped by Stuart Skinner without a rebound. 0:50 of 2nd period - Patrick Brown wins face-off versus Pavel Dorofeyev in RENO LIONS zone. 0:52 of 2nd period - Icing by Max Domi. 0:53 of 2nd period - Pierre-Luc Dubois wins face-off versus Tomas Nosek in RENO LIONS zone. 0:59 of 2nd period - Pavel Dorofeyev is hit by Trevor van Riemsdyk and loses puck. 1:05 of 2nd period - Minor Penalty to Trevor van Riemsdyk for Holding. 1:06 of 2nd period - Auston Matthews wins face-off versus Pierre-Luc Dubois in RENO LIONS zone. 2:05 of 2nd period - Icing by Erik Brannstrom. 2:06 of 2nd period - J.T. Compher wins face-off versus Pierre-Luc Dubois in KELOWNA ROCKETS zone. 2:25 of 2nd period - Shot by Valeri Nichushkin. 2:25 of 2nd period - Deflect By J.T. Compher. 2:25 of 2nd period - Stopped by Stuart Skinner without a rebound. 2:26 of 2n